Wolves vs Phantoms

Created - May 18, 2023 at 22:46

Goals
1 2 3 T
Wolves 1 0 3 4
Phantoms 3 3 1 7
Shots
1 2 3 T
Wolves 18 7 12 37
Phantoms 17 12 5 34

1st period

1. Phantoms , Reid McNeill 7 (Alex DeBrincat 64, Nick Shore 65) at 5:57 (PP)
2. Phantoms , Michael Bournival 51 (Alex DeBrincat 65) at 8:14
3. Phantoms , Nick Shore 36 (Alex DeBrincat 66) at 12:13
4. Wolves , Thomas Spelling 36 (Eric Robinson 29, Frederick Gaudreau 43) at 16:23 (PP)

Penalties :
Fredrik Olofsson (Chi) for Hooking (Minor) at 5:40, Blake Heinrich (Leh) for Roughing (Minor) at 15:49, Mikko Lehtonen (Leh) for High sticking (Minor) at 19:32

2nd period

5. Phantoms , Sven Andrighetto 23 (Morgan Klimchuk 37) at 2:55
6. Phantoms , Sven Andrighetto 24 (Morgan Klimchuk 38, Lucas Wallmarkk 26) at 5:00
7. Phantoms , Sven Andrighetto 25 (Lucas Wallmarkk 27) at 16:17 (PP)

Penalties :
Fredrik Olofsson (Chi) for Holding (Minor) at 9:20, JC Lipon (Leh) for Tripping (Minor) at 12:49, Jonah Gadjovich (Chi) for Cross-checking (Minor) at 16:09, Antti Suomela (Chi) for Roughing (Minor) at 16:22

3rd period

8. Phantoms , Morgan Klimchuk 23 (Lucas Wallmarkk 28) at 4:22
9. Wolves , Frederick Gaudreau 29 (Eric Robinson 30, Fredrik Olofsson 20) at 9:33
10. Wolves , Thomas Spelling 37 (Frederick Gaudreau 44) at 12:40 (PP)
11. Wolves , Thomas Spelling 38 (Eric Robinson 31, Corey Shueneman 18) at 13:54

Penalties :
Blake Heinrich (Leh) for Hooking (Minor) at 0:07, Stelio Mattheos (Chi) for Tripping (Minor) at 7:21, Alex DeBrincat (Leh) for Fighting (Major) at 9:42, Fredrik Olofsson (Chi) for Fighting (Major) at 9:42, Blake Heinrich (Leh) for Tripping (Minor) at 12:30, Corey Shueneman (Chi) for Hooking (Minor) at 15:10, Lucas Wallmarkk (Leh) for Holding (Minor) at 16:04

Goalie Stats

Ebbe Siönäs (Chi), 13 saves from 16 shots - (0.813), L, 25-22-7, 37:05 minutes
Ukko-Pekka Luukkonen (Chi), 14 saves from 18 shots - (0.778), 22:55 minutes
Anton Forsberg (Leh), 33 saves from 37 shots - (0.892), W, 32-22-8, 60:00 minutes

Players Stats for Wolves

Player Name              G  A  P  +/- PIM S  H  SB GA TA FO     MP     PP MP  PK MP  
------------------------------------------------------------------------------------
Antti Suomela            0  0  0   0  2   3  2  0  1  0  0/2     9:19   0:00   0:30 
Cedric Paquette          0  0  0  -4  0   3  2  1  1  0  9/18   17:54   2:48   1:28 
Corey Shueneman          0  1  1  -1  2   3  0  2  0  0  0/0    19:57   2:57   3:35 
Dylan Coghlan            0  0  0  -1  0   1  0  1  0  0  0/0     9:57   0:00   0:24 
Eric Robinson            0  3  3   2  0   2  0  0  1  0  1/1    23:46   4:33   4:19 
Frederick Gaudreau       1  2  3   2  0   1  0  1  0  0  14/31  24:29   4:37   4:09 
Fredrik Olofsson         0  1  1  -4  9   0  4  0  1  2  0/0    16:46   2:58   1:47 
Jack Ahcan               0  0  0   0  0   0  0  0  0  0  0/0     3:36   0:00   0:00 
Jake Evans               0  0  0  -1  0   1  0  0  0  0  0/2    11:20   0:14   1:23 
Jakub Zboril             0  0  0  -1  0   0  0  5  0  0  0/0    26:50   4:59   3:17 
Jalen Chatfield          0  0  0  -1  0   2  1  4  0  1  0/0    29:52   4:59   3:27 
Jonah Gadjovich          0  0  0   0  2   1  1  0  0  0  0/0     9:45   0:00   0:56 
Joona Koppanen           0  0  0   0  0   0  0  0  0  0  0/0     0:00   0:00   0:00 
Kyle Capobianco          0  0  0  -1  0   0  0  1  0  0  0/0     9:49   0:00   0:00 
Liam O'Brien             0  0  0   0  0   0  0  0  0  0  0/0     0:00   0:00   0:00 
Maksim Sushko            0  0  0   0  0   0  0  1  0  0  0/1     9:33   0:04   0:00 
Parker Kelly             0  0  0  -1  0   0  1  0  0  0  0/1     6:56   0:00   0:00 
Samuel Girard            0  0  0  -1  0   2  0  0  0  0  0/0    20:19   2:36   3:49 
Sasha Chmelevski         0  0  0   0  0   0  0  0  0  0  0/0     0:00   0:00   0:00 
Stelio Mattheos          0  0  0   0  2   0  0  0  0  0  0/0     7:08   0:00   0:00 
Thomas Spelling          3  0  3   1  0   11 3  1  1  0  1/3    18:04   4:22   0:00 
Wade Allison             0  0  0  -4  0   7  0  1  1  1  0/0    16:12   2:48   0:00 

Players Stats for Phantoms

Player Name              G  A  P  +/- PIM S  H  SB GA TA FO     MP     PP MP  PK MP  
------------------------------------------------------------------------------------
A.J. Greer               0  0  0   0  0   0  0  0  0  0  0/0     0:52   0:00   0:40 
Alex DeBrincat           0  3  3   2  5   3  2  1  1  0  2/3    21:26   3:04   4:20 
Anthony Angello          0  0  0   0  0   0  0  0  0  0  0/0     2:07   0:00   1:00 
Blake Heinrich           0  0  0   2  6   1  2  1  0  3  0/0    25:20   3:42   3:22 
Brendan Leipsic          0  0  0   0  0   0  0  0  0  0  0/0     5:49   0:00   0:00 
Brenden Kichton          0  0  0   0  0   0  0  1  0  1  0/0    18:44   3:04   2:33 
Brett Murray             0  0  0   0  0   0  0  0  0  0  0/0     0:00   0:00   0:00 
Cal Foote                0  0  0   0  0   2  0  1  0  0  0/0     8:57   0:38   0:00 
Cristoval Nieves         0  0  0  -1  0   3  2  0  0  0  1/2    10:36   0:00   0:00 
David Kampf              0  0  0  -1  0   0  0  0  0  0  0/0     2:44   0:31   0:00 
Erik Nystrom             0  0  0  -1  0   1  0  0  0  0  1/1    10:36   0:00   0:00 
JC Lipon                 0  0  0   0  2   0  2  0  0  0  0/0     7:22   0:39   0:00 
Joe Snively              0  0  0   0  0   0  0  0  0  0  1/2     5:49   0:00   0:00 
Laurent Dauphin          0  0  0   0  0   0  0  0  0  0  0/0     0:34   0:31   0:00 
Lucas Wallmarkk          0  3  3   3  2   0  1  0  1  0  2/8    15:43   3:32   0:00 
Matt Kiersted            0  0  0   1  0   0  0  0  0  0  0/0     5:05   0:00   0:00 
Michael Bournival        1  0  1   1  0   5  0  0  0  0  7/12   22:59   3:12   4:38 
Mikko Lehtonen           0  0  0   0  2   1  0  0  0  0  0/0    10:26   0:00   1:40 
Morgan Klimchuk          1  2  3   3  0   1  2  0  0  0  0/0    15:41   3:33   0:00 
Nick Shore               1  1  2   1  0   8  1  0  0  0  19/30  20:03   3:12   2:16 
Nick Sorensen            0  0  0  -1  0   2  0  1  0  0  0/0    10:36   0:00   0:00 
Reid McNeill             1  0  1   2  0   3  1  2  1  1  0/0    27:44   4:04   5:02 
Riley Stillman           0  0  0   1  0   0  1  0  0  0  0/0     5:05   0:00   0:00 
Rinat Valiev             0  0  0   0  0   0  0  1  0  1  0/0    18:44   3:04   2:33 
Sven Andrighetto         3  0  3   3  0   4  3  0  1  0  1/1    18:11   3:33   2:16 

3 Stars

1 - Sven Andrighetto (Leh)
2 - Thomas Spelling (Chi)
3 - Morgan Klimchuk (Leh)

Power Play

Wolves - 2 on 6 Attempt(s) - 33.33%
Phantoms - 2 on 6 Attempt(s) - 33.33%

Penalty Kill

Wolves - 4 on 6 Attempt(s) - 66.67% - Score 0 goal in Penalty Kill
Phantoms - 4 on 6 Attempt(s) - 66.67% - Score 0 goal in Penalty Kill

Team Stat

Wolves - Hits : 14 - Faceoff Wins : 25 - Blocked Shots : 18 - Penalty Minutes : 17
Phantoms - Hits : 17 - Faceoff Wins : 34 - Blocked Shots : 8 - Penalty Minutes : 17

Official

Referees : Jean Hebert and Conor O'Donnell
Linesman : Greg Devorski and James Tobias

Game Notes

Ebbe Siönäs enters game at 2:55 of 2nd period
Sven Andrighetto has scored a Hat Trick!
Alex DeBrincat and Fredrik Olofsson fight to a draw at 9:42 of 3rd period
Thomas Spelling has scored a Hat Trick!

Finance

Level 1 -- Attendance: 1829 (91.45%) -- Ticket Income $64,015
Level 2 -- Attendance: 625 (62.50%) -- Ticket Income $12,500
Total Attendance: 2454 (81.80%)
Total Ticket Income: $76,515
Other Income: $3,826
Total Income: $80,341

Wolves

5 vs 5 Forward 
   Center                   Left Wing                Right Wing               Time % Phy DF OF 
 1 Frederick Gaudreau       Eric Robinson            Thomas Spelling          40     1   2  2  
 2 Cedric Paquette          Fredrik Olofsson         Wade Allison             30     1   2  2  
 3 Antti Suomela            Jonah Gadjovich          Maksim Sushko            20     1   2  2  
 4 Jake Evans               Parker Kelly             Stelio Mattheos          10     1   2  2  

5 vs 5 Defense 
   Defense                  Defense                                           Time % Phy DF OF 
 1 Jalen Chatfield          Jakub Zboril                                      40     1   2  2  
 2 Corey Shueneman          Samuel Girard                                     30     1   2  2  
 3 Dylan Coghlan            Kyle Capobianco                                   20     1   2  2  
 4 Jack Ahcan               Jalen Chatfield                                   10     1   2  2  

PowerPlay Forward 
   Center                   Left Wing                Right Wing               Time % Phy DF OF 
 1 Frederick Gaudreau       Eric Robinson            Thomas Spelling          60     1   2  2  
 2 Cedric Paquette          Fredrik Olofsson         Wade Allison             40     1   2  2  

PowerPlay Defense
   Defense                  Defense                                           Time % Phy DF OF 
 1 Jalen Chatfield          Jakub Zboril                                      60     1   2  2  
 2 Corey Shueneman          Samuel Girard                                     40     1   2  2  

Penalty Kill 4 Players Forward 
   Center                   Wing                     Time % Phy DF OF 
 1 Frederick Gaudreau       Eric Robinson            60     1   2  2  
 2 Cedric Paquette          Fredrik Olofsson         40     1   2  2  

Penalty Kill 4 Players Defense
   Defense                  Defense                  Time % Phy DF OF 
 1 Jalen Chatfield          Jakub Zboril             60     1   2  2  
 2 Corey Shueneman          Samuel Girard            40     1   2  2  

Penalty Kill - 3 Players Forward 
   Forward                                           Time % Phy DF OF 
 1 Frederick Gaudreau                                60     1   2  2  
 2 Cedric Paquette                                   40     1   2  2  

Penalty Kill - 3 Players Defense
   Defense                  Defense                  Time % Phy DF OF 
 1 Jalen Chatfield          Jakub Zboril             60     1   2  2  
 2 Corey Shueneman          Samuel Girard            40     1   2  2  

4 vs 4 Forward 
   Center                   Wing                     Time % Phy DF OF 
 1 Frederick Gaudreau       Eric Robinson            60     1   2  2  
 2 Cedric Paquette          Fredrik Olofsson         40     1   2  2  

4 vs 4 Defense
   Defense                  Defense                  Time % Phy DF OF 
 1 Jalen Chatfield          Jakub Zboril             60     1   2  2  
 2 Corey Shueneman          Samuel Girard            40     1   2  2  

Last Minutes Offensive
   Center                   Left Wing                Right Wing               Defense                  Defense                  
   Frederick Gaudreau       Eric Robinson            Thomas Spelling          Jalen Chatfield          Jakub Zboril             

Last Minutes Defensive
   Center                   Left Wing                Right Wing               Defense                  Defense                  
   Frederick Gaudreau       Eric Robinson            Thomas Spelling          Jalen Chatfield          Jakub Zboril             

Goaltenders
Starting : Ukko-Pekka Luukkonen     
Backup : Ebbe Siönäs              

Extra Forwards
Normal : Jake Evans, Eric Robinson, Fredrik Olofsson - PP : Jake Evans, Eric Robinson - PK : Jake Evans
Extra Defensemen
Normal : Dylan Coghlan, Kyle Capobianco, Jack Ahcan - PP : Dylan Coghlan - PK : Dylan Coghlan, Kyle Capobianco
Penalty Shots
Frederick Gaudreau, Cedric Paquette, Thomas Spelling, Antti Suomela, Jake Evans

Scratches
Matthew Kiersted (Healthy), Hayden Hodgson (Sore Left Knee Injury), Ian Scott (Healthy)

Phantoms

5 vs 5 Forward 
   Center                   Left Wing                Right Wing               Time % Phy DF OF 
 1 Nick Shore               Michael Bournival        Alex DeBrincat           40     1   2  2  
 2 Lucas Wallmarkk          Morgan Klimchuk          Sven Andrighetto         30     1   2  2  
 3 Cristoval Nieves         Erik Nystrom             Nick Sorensen            20     1   2  2  
 4 Joe Snively              Brendan Leipsic          JC Lipon                 10     1   2  2  

5 vs 5 Defense 
   Defense                  Defense                                           Time % Phy DF OF 
 1 Reid McNeill             Blake Heinrich                                    40     1   2  2  
 2 Rinat Valiev             Brenden Kichton                                   30     1   2  2  
 3 Cal Foote                Mikko Lehtonen                                    20     1   2  2  
 4 Matt Kiersted            Riley Stillman                                    10     1   2  2  

PowerPlay Forward 
   Center                   Left Wing                Right Wing               Time % Phy DF OF 
 1 Nick Shore               Michael Bournival        Alex DeBrincat           60     1   2  2  
 2 Lucas Wallmarkk          Morgan Klimchuk          Sven Andrighetto         40     1   2  2  

PowerPlay Defense
   Defense                  Defense                                           Time % Phy DF OF 
 1 Reid McNeill             Blake Heinrich                                    60     1   2  2  
 2 Rinat Valiev             Brenden Kichton                                   40     1   2  2  

Penalty Kill 4 Players Forward 
   Center                   Wing                     Time % Phy DF OF 
 1 Michael Bournival        Alex DeBrincat           60     1   2  2  
 2 Sven Andrighetto         Nick Shore               40     1   2  2  

Penalty Kill 4 Players Defense
   Defense                  Defense                  Time % Phy DF OF 
 1 Reid McNeill             Blake Heinrich           60     1   2  2  
 2 Rinat Valiev             Brenden Kichton          40     1   2  2  

Penalty Kill - 3 Players Forward 
   Forward                                           Time % Phy DF OF 
 1 Michael Bournival                                 60     1   2  2  
 2 Alex DeBrincat                                    40     1   2  2  

Penalty Kill - 3 Players Defense
   Defense                  Defense                  Time % Phy DF OF 
 1 Reid McNeill             Blake Heinrich           60     1   2  2  
 2 Rinat Valiev             Brenden Kichton          40     1   2  2  

4 vs 4 Forward 
   Center                   Wing                     Time % Phy DF OF 
 1 Michael Bournival        Alex DeBrincat           60     1   2  2  
 2 Sven Andrighetto         Nick Shore               40     1   2  2  

4 vs 4 Defense
   Defense                  Defense                  Time % Phy DF OF 
 1 Reid McNeill             Blake Heinrich           60     1   2  2  
 2 Rinat Valiev             Brenden Kichton          40     1   2  2  

Last Minutes Offensive
   Center                   Left Wing                Right Wing               Defense                  Defense                  
   Nick Shore               Michael Bournival        Alex DeBrincat           Reid McNeill             Blake Heinrich           

Last Minutes Defensive
   Center                   Left Wing                Right Wing               Defense                  Defense                  
   Nick Shore               Michael Bournival        Alex DeBrincat           Reid McNeill             Blake Heinrich           

Goaltenders
Starting : Anton Forsberg           
Backup : Zachary Fucale           

Extra Forwards
Normal : David Kampf, Laurent Dauphin, Anthony Angello - PP : David Kampf, Laurent Dauphin - PK : Anthony Angello
Extra Defensemen
Normal : Cal Foote, Mikko Lehtonen, Matt Kiersted - PP : Cal Foote - PK : Mikko Lehtonen, Matt Kiersted
Penalty Shots
Michael Bournival, Alex DeBrincat, Sven Andrighetto, Nick Shore, Lucas Wallmarkk

Scratches
Cooper Marody (Healthy), Devon Teows (Fractured Bone in Right Hand Injury), Victor Berglund (Healthy), Fabian Zetterlund (Healthy), Jason Kasdorf (Healthy)
Zachary Sawchenko (Healthy), Kevin Lankinen (Healthy)

% Time on Ice - Wolves

Lines # - Real PCT - Wanted PCT - Time Play
Normal Forward
1 - 34% - 40% - 15:01
2 - 30% - 30% - 13:24
3 - 20% - 20% - 8:43
4 - 16% - 10% - 6:56
Normal Defense
1 - 41% - 40% - 18:01
2 - 30% - 30% - 13:26
3 - 20% - 20% - 9:01
4 - 8% - 10% - 3:36
PP Forward
1 - 63% - 60% - 4:47
2 - 37% - 40% - 2:48
PP Defense
1 - 66% - 60% - 4:59
2 - 34% - 40% - 2:36
PK Forward
1 - 81% - 60% - 5:54
2 - 19% - 40% - 1:22
PK Defense
1 - 47% - 60% - 3:27
2 - 53% - 40% - 3:49
PK3 Forward
1 - 0% - 60%
2 - 0% - 40%
PK3 Defense
1 - 0% - 60%
2 - 0% - 40%
44 Forward
1 - 83% - 60% - 0:54
2 - 17% - 40% - 0:11
44 Defense
1 - 57% - 60% - 0:37
2 - 43% - 40% - 0:28
Last Minute Offensive  - 0:00
Last Minute Defensive  - 0:00
Total
Forward - 60:00
Defense - 60:00

% Time on Ice - Phantoms

Lines # - Real PCT - Wanted PCT - Time Play
Normal Forward
1 - 35% - 40% - 15:31
2 - 28% - 30% - 12:08
3 - 24% - 20% - 10:36
4 - 13% - 10% - 5:49
Normal Defense
1 - 41% - 40% - 18:01
2 - 29% - 30% - 12:39
3 - 19% - 20% - 8:19
4 - 12% - 10% - 5:05
PP Forward
1 - 51% - 60% - 3:43
2 - 49% - 40% - 3:33
PP Defense
1 - 58% - 60% - 4:12
2 - 42% - 40% - 3:04
PK Forward
1 - 70% - 60% - 5:19
2 - 30% - 40% - 2:16
PK Defense
1 - 66% - 60% - 5:02
2 - 34% - 40% - 2:33
PK3 Forward
1 - 0% - 60%
2 - 0% - 40%
PK3 Defense
1 - 0% - 60%
2 - 0% - 40%
44 Forward
1 - 78% - 60% - 0:51
2 - 22% - 40% - 0:14
44 Defense
1 - 57% - 60% - 0:37
2 - 43% - 40% - 0:28
Last Minute Offensive  - 0:00
Last Minute Defensive  - 0:00
Total
Forward - 60:00
Defense - 60:00

Play-by-Play

1st period


0:01 of 1st period - Frederick Gaudreau wins face-off versus Nick Shore in neutral zone.
0:45 of 1st period - Wrist shot by Wade Allison.
0:45 of 1st period - Stopped by Anton Forsberg with a rebound.
2:01 of 1st period - Slapshot by Samuel Girard.
2:01 of 1st period - Shot Blocked by Cal Foote.
2:52 of 1st period - Morgan Klimchuk is hit by Thomas Spelling and loses puck.
3:01 of 1st period - Wrist shot by Morgan Klimchuk.
3:01 of 1st period - Shot Misses the Net.
3:35 of 1st period - Wrist shot by Antti Suomela.
3:35 of 1st period - Stopped by Anton Forsberg without a rebound.
3:36 of 1st period - Cristoval Nieves wins face-off versus Antti Suomela in Phantoms zone.
3:51 of 1st period - Snap shot by Antti Suomela.
3:51 of 1st period - Shot Misses the Net.
4:03 of 1st period - Slapshot by Michael Bournival.
4:03 of 1st period - Shot Blocked by Corey Shueneman.
4:43 of 1st period - Jake Evans is hit by JC Lipon.
5:23 of 1st period - Wrist shot by Cristoval Nieves.
5:23 of 1st period - Stopped by Ukko-Pekka Luukkonen without a rebound.
5:24 of 1st period - Erik Nystrom wins face-off versus Frederick Gaudreau in Wolves zone.
5:29 of 1st period - Slapshot by Erik Nystrom.
5:29 of 1st period - Shot Misses the Net.
5:31 of 1st period - Wrist shot by Cristoval Nieves.
5:31 of 1st period - Shot Misses the Net.
5:33 of 1st period - Wrist shot by Erik Nystrom.
5:33 of 1st period - Stopped by Ukko-Pekka Luukkonen with a rebound.
5:35 of 1st period - Slapshot by Cal Foote.
5:35 of 1st period - Shot Misses the Net.
5:37 of 1st period - Slapshot by Cal Foote.
5:37 of 1st period - Stopped by Ukko-Pekka Luukkonen without a rebound.
5:38 of 1st period - Cedric Paquette wins face-off versus Nick Shore in Wolves zone.
5:40 of 1st period - Minor Penalty to Fredrik Olofsson for Hooking.
5:41 of 1st period - Nick Shore wins face-off versus Frederick Gaudreau in Wolves zone.
5:45 of 1st period - Wrist shot by Michael Bournival.
5:45 of 1st period - Shot Blocked by Jalen Chatfield.
5:47 of 1st period - Wrist shot by Alex DeBrincat.
5:47 of 1st period - Deflect By Nick Shore.
5:47 of 1st period - Stopped by Ukko-Pekka Luukkonen without a rebound.
5:48 of 1st period - Nick Shore wins face-off versus Frederick Gaudreau in Wolves zone.
5:51 of 1st period - Wrist shot by Nick Shore.
5:51 of 1st period - Stopped by Ukko-Pekka Luukkonen with a rebound.
5:53 of 1st period - Snap shot by Alex DeBrincat.
5:53 of 1st period - Shot Blocked by Jakub Zboril.
5:55 of 1st period - Snap shot by Reid McNeill.
5:55 of 1st period - Stopped by Ukko-Pekka Luukkonen with a rebound.
5:57 of 1st period - Slapshot by Reid McNeill.
5:57 of 1st period - Goal by Reid McNeill - Wolves : 0 - Phantoms : 1.
5:58 of 1st period - Michael Bournival wins face-off versus Frederick Gaudreau in neutral zone.
6:33 of 1st period - Snap shot by Thomas Spelling.
6:33 of 1st period - Shot Misses the Net.
6:49 of 1st period - Backhand shot by Thomas Spelling.
6:49 of 1st period - Stopped by Anton Forsberg with a rebound.
6:51 of 1st period - Slapshot by Dylan Coghlan.
6:51 of 1st period - Stopped by Anton Forsberg with a rebound.
6:53 of 1st period - Slapshot by Thomas Spelling.
6:53 of 1st period - Stopped by Anton Forsberg with a rebound.
6:55 of 1st period - Snap shot by Eric Robinson.
6:55 of 1st period - Stopped by Anton Forsberg with a rebound.
6:57 of 1st period - Wrist shot by Thomas Spelling.
6:57 of 1st period - Shot Misses the Net.
6:59 of 1st period - Slapshot by Eric Robinson.
6:59 of 1st period - Shot Misses the Net.
7:01 of 1st period - Snap shot by Thomas Spelling.
7:01 of 1st period - Stopped by Anton Forsberg without a rebound.
7:02 of 1st period - Cedric Paquette wins face-off versus Nick Shore in Phantoms zone.
7:09 of 1st period - Wrist shot by Alex DeBrincat.
7:09 of 1st period - Stopped by Ukko-Pekka Luukkonen with a rebound.
8:14 of 1st period - Snap shot by Michael Bournival.
8:14 of 1st period - Goal by Michael Bournival - Wolves : 0 - Phantoms : 2.
8:15 of 1st period - Alex DeBrincat wins face-off versus Cedric Paquette in neutral zone.
8:20 of 1st period - Backhand shot by Alex DeBrincat.
8:20 of 1st period - Stopped by Ukko-Pekka Luukkonen with a rebound.
8:22 of 1st period - Slapshot by Alex DeBrincat.
8:22 of 1st period - Shot Misses the Net.
8:24 of 1st period - Snap shot by Michael Bournival.
8:24 of 1st period - Shot Blocked by Jalen Chatfield.
8:26 of 1st period - Slapshot by Brenden Kichton.
8:26 of 1st period - Deflect By Nick Shore.
8:26 of 1st period - Stopped by Ukko-Pekka Luukkonen with a rebound.
8:28 of 1st period - Snap shot by Michael Bournival.
8:28 of 1st period - Stopped by Ukko-Pekka Luukkonen without a rebound.
8:29 of 1st period - Thomas Spelling wins face-off versus Lucas Wallmarkk in Wolves zone.
8:34 of 1st period - Lucas Wallmarkk is hit by Jalen Chatfield and loses puck.
8:47 of 1st period - Jalen Chatfield is hit by Sven Andrighetto and loses puck.
9:12 of 1st period - Michael Bournival is hit by Fredrik Olofsson.
9:24 of 1st period - Blake Heinrich is hit by Antti Suomela and loses puck.
9:45 of 1st period - Snap shot by Brendan Leipsic.
9:45 of 1st period - Shot Misses the Net.
9:47 of 1st period - Snap shot by Joe Snively.
9:47 of 1st period - Shot Misses the Net.
9:49 of 1st period - Slapshot by Mikko Lehtonen.
9:49 of 1st period - Stopped by Ukko-Pekka Luukkonen with a rebound.
9:51 of 1st period - Slapshot by Cal Foote.
9:51 of 1st period - Shot Misses the Net.
10:01 of 1st period - Frederick Gaudreau is hit by Alex DeBrincat and loses puck.
10:08 of 1st period - Snap shot by Michael Bournival.
10:08 of 1st period - Shot Blocked by Frederick Gaudreau.
10:18 of 1st period - Wrist shot by Antti Suomela.
10:18 of 1st period - Stopped by Anton Forsberg with a rebound.
10:45 of 1st period - Snap shot by Cedric Paquette.
10:45 of 1st period - Stopped by Anton Forsberg without a rebound.
10:46 of 1st period - Nick Shore wins face-off versus Cedric Paquette in Phantoms zone.
10:46 of 1st period - Nick Shore is hit by Cedric Paquette.
11:07 of 1st period - Snap shot by Wade Allison.
11:07 of 1st period - Stopped by Anton Forsberg without a rebound.
11:08 of 1st period - Frederick Gaudreau wins face-off versus Lucas Wallmarkk in Phantoms zone.
11:30 of 1st period - Corey Shueneman is hit by Morgan Klimchuk and loses puck.
12:01 of 1st period - Snap shot by Thomas Spelling.
12:01 of 1st period - Stopped by Anton Forsberg with a rebound.
12:03 of 1st period - Snap shot by Thomas Spelling.
12:03 of 1st period - Stopped by Anton Forsberg without a rebound.
12:04 of 1st period - Nick Shore wins face-off versus Cedric Paquette in Phantoms zone.
12:11 of 1st period - Slapshot by Nick Shore.
12:11 of 1st period - Shot Blocked by Kyle Capobianco.
12:13 of 1st period - Snap shot by Nick Shore.
12:13 of 1st period - Goal by Nick Shore - Wolves : 0 - Phantoms : 3.
12:14 of 1st period - Nick Shore wins face-off versus Cedric Paquette in neutral zone.
12:23 of 1st period - Snap shot by Michael Bournival.
12:23 of 1st period - Shot Blocked by Wade Allison.
12:25 of 1st period - Slapshot by Alex DeBrincat.
12:25 of 1st period - Stopped by Ukko-Pekka Luukkonen with a rebound.
12:33 of 1st period - Michael Bournival is hit by Cedric Paquette and loses puck.
13:15 of 1st period - Dylan Coghlan is hit by Riley Stillman.
14:03 of 1st period - Snap shot by Sven Andrighetto.
14:03 of 1st period - Stopped by Ukko-Pekka Luukkonen with a rebound.
14:05 of 1st period - Snap shot by Morgan Klimchuk.
14:05 of 1st period - Deflect By Lucas Wallmarkk.
14:05 of 1st period - Shot Misses the Net.
14:05 of 1st period - Puck is out of play.
14:06 of 1st period - Cedric Paquette wins face-off versus Alex DeBrincat in Wolves zone.
14:36 of 1st period - Wrist shot by Morgan Klimchuk.
14:36 of 1st period - Shot Misses the Net.
15:18 of 1st period - Wrist shot by Michael Bournival.
15:18 of 1st period - Stopped by Ukko-Pekka Luukkonen with a rebound.
15:49 of 1st period - Minor Penalty to Blake Heinrich for Roughing.
15:50 of 1st period - Frederick Gaudreau wins face-off versus Michael Bournival in Phantoms zone.
16:23 of 1st period - Wrist shot by Thomas Spelling.
16:23 of 1st period - Goal by Thomas Spelling - Wolves : 1 - Phantoms : 3.
16:24 of 1st period - Cedric Paquette wins face-off versus Lucas Wallmarkk in neutral zone.
16:33 of 1st period - Snap shot by Wade Allison.
16:33 of 1st period - Stopped by Anton Forsberg without a rebound.
16:34 of 1st period - Cedric Paquette wins face-off versus Lucas Wallmarkk in Phantoms zone.
16:35 of 1st period - Snap shot by Fredrik Olofsson.
16:35 of 1st period - Shot Misses the Net.
16:37 of 1st period - Snap shot by Wade Allison.
16:37 of 1st period - Stopped by Anton Forsberg with a rebound.
16:39 of 1st period - Wrist shot by Dylan Coghlan.
16:39 of 1st period - Shot Blocked by Rinat Valiev.
16:41 of 1st period - Snap shot by Wade Allison.
16:41 of 1st period - Stopped by Anton Forsberg with a rebound.
17:14 of 1st period - Snap shot by Cedric Paquette.
17:14 of 1st period - Shot Blocked by Brenden Kichton.
17:26 of 1st period - Wrist shot by Cedric Paquette.
17:26 of 1st period - Shot Misses the Net.
18:06 of 1st period - Slapshot by Fredrik Olofsson.
18:06 of 1st period - Shot Misses the Net.
18:08 of 1st period - Wrist shot by Wade Allison.
18:08 of 1st period - Stopped by Anton Forsberg with a rebound.
18:10 of 1st period - Backhand shot by Cedric Paquette.
18:10 of 1st period - Shot Misses the Net.
18:12 of 1st period - Snap shot by Wade Allison.
18:12 of 1st period - Stopped by Anton Forsberg without a rebound.
18:13 of 1st period - Nick Shore wins face-off versus Frederick Gaudreau in Phantoms zone.
19:32 of 1st period - Minor Penalty to Mikko Lehtonen for High sticking.
19:33 of 1st period - Michael Bournival wins face-off versus Frederick Gaudreau in Phantoms zone.
19:44 of 1st period - Alex DeBrincat is hit by Thomas Spelling and loses puck.
19:59 of 1st period - Corey Shueneman is hit by Reid McNeill and loses puck.
Goals for this period are 1 for Wolves vs 3 for Phantoms.
Shots for this period are 18 for Wolves vs 17 for Phantoms.

2nd period


0:01 of 2nd period - Michael Bournival wins face-off versus Frederick Gaudreau in neutral zone.
1:32 of 2nd period - Penalty to Mikko Lehtonen is over, Mikko Lehtonen is back on ice.
1:32 of 2nd period - Fredrik Olofsson is hit by Blake Heinrich and loses puck.
2:11 of 2nd period - Erik Nystrom is hit by Antti Suomela and loses puck.
2:18 of 2nd period - Slapshot by Jonah Gadjovich.
2:18 of 2nd period - Shot Misses the Net.
2:24 of 2nd period - Slapshot by Jonah Gadjovich.
2:24 of 2nd period - Stopped by Anton Forsberg without a rebound.
2:25 of 2nd period - Nick Shore wins face-off versus Frederick Gaudreau in Phantoms zone.
2:55 of 2nd period - Slapshot by Sven Andrighetto.
2:55 of 2nd period - Goal by Sven Andrighetto - Wolves : 1 - Phantoms : 4.
2:55 of 2nd period - Ebbe Siönäs enters game.
2:56 of 2nd period - Nick Shore wins face-off versus Frederick Gaudreau in neutral zone.
3:21 of 2nd period - Sven Andrighetto is hit by Fredrik Olofsson and loses puck.
4:27 of 2nd period - Wrist shot by Thomas Spelling.
4:27 of 2nd period - Deflect By Frederick Gaudreau.
4:27 of 2nd period - Shot Misses the Net.
4:27 of 2nd period - Puck is out of play.
4:28 of 2nd period - Nick Shore wins face-off versus Thomas Spelling in Phantoms zone.
4:53 of 2nd period - Jalen Chatfield is hit by Sven Andrighetto and loses puck.
4:58 of 2nd period - Snap shot by Morgan Klimchuk.
4:58 of 2nd period - Shot Misses the Net.
5:00 of 2nd period - Slapshot by Sven Andrighetto.
5:00 of 2nd period - Goal by Sven Andrighetto - Wolves : 1 - Phantoms : 5.
5:01 of 2nd period - Frederick Gaudreau wins face-off versus Nick Shore in neutral zone.
5:06 of 2nd period - Snap shot by Thomas Spelling.
5:06 of 2nd period - Stopped by Anton Forsberg without a rebound.
5:07 of 2nd period - Nick Shore wins face-off versus Frederick Gaudreau in Phantoms zone.
6:38 of 2nd period - Wrist shot by Michael Bournival.
6:38 of 2nd period - Stopped by Ebbe Siönäs with a rebound.
7:26 of 2nd period - Snap shot by Nick Sorensen.
7:26 of 2nd period - Stopped by Ebbe Siönäs with a rebound.
7:28 of 2nd period - Wrist shot by Cristoval Nieves.
7:28 of 2nd period - Stopped by Ebbe Siönäs with a rebound.
7:30 of 2nd period - Wrist shot by Erik Nystrom.
7:30 of 2nd period - Shot Misses the Net.
7:32 of 2nd period - Wrist shot by Cristoval Nieves.
7:32 of 2nd period - Shot Blocked by Dylan Coghlan.
7:36 of 2nd period - Slapshot by Cristoval Nieves.
7:36 of 2nd period - Shot Misses the Net.
7:38 of 2nd period - Slapshot by Cal Foote.
7:38 of 2nd period - Stopped by Ebbe Siönäs with a rebound.
7:44 of 2nd period - Wrist shot by Cristoval Nieves.
7:44 of 2nd period - Shot Blocked by Thomas Spelling.
7:46 of 2nd period - Wrist shot by Nick Sorensen.
7:46 of 2nd period - Stopped by Ebbe Siönäs with a rebound.
7:48 of 2nd period - Snap shot by Cristoval Nieves.
7:48 of 2nd period - Stopped by Ebbe Siönäs without a rebound.
7:49 of 2nd period - Nick Shore wins face-off versus Cedric Paquette in Wolves zone.
7:57 of 2nd period - Off-side.
7:58 of 2nd period - Cedric Paquette wins face-off versus Nick Shore in neutral zone.
8:21 of 2nd period - Slapshot by Alex DeBrincat.
8:21 of 2nd period - Shot Blocked by Jakub Zboril.
8:23 of 2nd period - Wrist shot by Nick Shore.
8:23 of 2nd period - Shot Blocked by Jakub Zboril.
8:25 of 2nd period - Snap shot by Nick Shore.
8:25 of 2nd period - Stopped by Ebbe Siönäs with a rebound.
8:27 of 2nd period - Slapshot by Reid McNeill.
8:27 of 2nd period - Stopped by Ebbe Siönäs with a rebound.
8:29 of 2nd period - Wrist shot by Alex DeBrincat.
8:29 of 2nd period - Shot Blocked by Jakub Zboril.
9:13 of 2nd period - Wrist shot by Michael Bournival.
9:13 of 2nd period - Stopped by Ebbe Siönäs with a rebound.
9:20 of 2nd period - Minor Penalty to Fredrik Olofsson for Holding.
9:21 of 2nd period - Eric Robinson wins face-off versus Lucas Wallmarkk in Wolves zone.
10:13 of 2nd period - Jakub Zboril is hit by Blake Heinrich and loses puck.
10:46 of 2nd period - Antti Suomela is hit by JC Lipon and loses puck.
11:20 of 2nd period - Penalty to Fredrik Olofsson is over, Fredrik Olofsson is back on ice.
11:29 of 2nd period - Dylan Coghlan is hit by Cristoval Nieves.
11:37 of 2nd period - Brenden Kichton is hit by Parker Kelly.
12:49 of 2nd period - Minor Penalty to JC Lipon for Tripping.
12:50 of 2nd period - Frederick Gaudreau wins face-off versus Michael Bournival in Phantoms zone.
13:39 of 2nd period - Slapshot by Eric Robinson.
13:39 of 2nd period - Shot Misses the Net.
13:41 of 2nd period - Slapshot by Frederick Gaudreau.
13:41 of 2nd period - Shot Misses the Net.
13:43 of 2nd period - Slapshot by Jakub Zboril.
13:43 of 2nd period - Shot Misses the Net.
13:45 of 2nd period - Slapshot by Jalen Chatfield.
13:45 of 2nd period - Stopped by Anton Forsberg without a rebound.
13:46 of 2nd period - Cedric Paquette wins face-off versus Michael Bournival in Phantoms zone.
14:01 of 2nd period - Snap shot by Cedric Paquette.
14:01 of 2nd period - Stopped by Anton Forsberg with a rebound.
14:49 of 2nd period - Penalty to JC Lipon is over, JC Lipon is back on ice.
15:31 of 2nd period - Slapshot by Samuel Girard.
15:31 of 2nd period - Deflect By Alex DeBrincat.
15:31 of 2nd period - Stopped by Anton Forsberg with a rebound.
15:33 of 2nd period - Snap shot by Jake Evans.
15:33 of 2nd period - Shot Blocked by Reid McNeill.
15:35 of 2nd period - Wrist shot by Frederick Gaudreau.
15:35 of 2nd period - Shot Blocked by Reid McNeill.
15:37 of 2nd period - Slapshot by Corey Shueneman.
15:37 of 2nd period - Shot Blocked by Blake Heinrich.
15:39 of 2nd period - Backhand shot by Frederick Gaudreau.
15:39 of 2nd period - Shot Hit the Post.
15:41 of 2nd period - Wrist shot by Corey Shueneman.
15:41 of 2nd period - Shot Blocked by Alex DeBrincat.
15:43 of 2nd period - Slapshot by Corey Shueneman.
15:43 of 2nd period - Stopped by Anton Forsberg without a rebound.
15:44 of 2nd period - Cedric Paquette wins face-off versus Lucas Wallmarkk in Phantoms zone.
16:09 of 2nd period - Minor Penalty to Jonah Gadjovich for Cross-checking.
16:10 of 2nd period - Lucas Wallmarkk wins face-off versus Jake Evans in Wolves zone.
16:17 of 2nd period - Wrist shot by Sven Andrighetto.
16:17 of 2nd period - Goal by Sven Andrighetto - Wolves : 1 - Phantoms : 6.
16:18 of 2nd period - Michael Bournival wins face-off versus Antti Suomela in neutral zone.
16:22 of 2nd period - Minor Penalty to Antti Suomela for Roughing.
16:23 of 2nd period - Frederick Gaudreau wins face-off versus Nick Shore in Wolves zone.
18:22 of 2nd period - Penalty to Antti Suomela is over, Antti Suomela is back on ice.
19:20 of 2nd period - Snap shot by Jake Evans.
19:20 of 2nd period - Stopped by Anton Forsberg without a rebound.
19:21 of 2nd period - Nick Shore wins face-off versus Parker Kelly in Phantoms zone.
Goals for this period are 0 for Wolves vs 3 for Phantoms.
Shots for this period are 7 for Wolves vs 12 for Phantoms.

3rd period


0:01 of 3rd period - Frederick Gaudreau wins face-off versus Nick Shore in neutral zone.
0:07 of 3rd period - Minor Penalty to Blake Heinrich for Hooking.
0:08 of 3rd period - Frederick Gaudreau wins face-off versus Michael Bournival in Phantoms zone.
0:12 of 3rd period - Slapshot by Frederick Gaudreau.
0:12 of 3rd period - Deflect By Thomas Spelling.
0:12 of 3rd period - Stopped by Anton Forsberg without a rebound.
0:13 of 3rd period - Michael Bournival wins face-off versus Thomas Spelling in Phantoms zone.
1:34 of 3rd period - Nick Shore is hit by Fredrik Olofsson and loses puck.
2:07 of 3rd period - Penalty to Blake Heinrich is over, Blake Heinrich is back on ice.
3:38 of 3rd period - Icing by JC Lipon.
3:39 of 3rd period - Frederick Gaudreau wins face-off versus Joe Snively in Phantoms zone.
3:40 of 3rd period - Wrist shot by Thomas Spelling.
3:40 of 3rd period - Shot Misses the Net.
4:11 of 3rd period - Snap shot by Thomas Spelling.
4:11 of 3rd period - Stopped by Anton Forsberg without a rebound.
4:12 of 3rd period - Lucas Wallmarkk wins face-off versus Cedric Paquette in Phantoms zone.
4:12 of 3rd period - Lucas Wallmarkk is hit by Fredrik Olofsson.
4:22 of 3rd period - Snap shot by Morgan Klimchuk.
4:22 of 3rd period - Goal by Morgan Klimchuk - Wolves : 1 - Phantoms : 7.
4:23 of 3rd period - Alex DeBrincat wins face-off versus Frederick Gaudreau in neutral zone.
4:34 of 3rd period - Snap shot by Michael Bournival.
4:34 of 3rd period - Shot Hit the Post.
4:48 of 3rd period - Wade Allison is hit by Morgan Klimchuk and loses puck.
5:56 of 3rd period - Frederick Gaudreau is hit by Cristoval Nieves and loses puck.
6:52 of 3rd period - Icing by Jake Evans.
6:53 of 3rd period - Joe Snively wins face-off versus Jake Evans in Wolves zone.
6:54 of 3rd period - Snap shot by Brendan Leipsic.
6:54 of 3rd period - Shot Blocked by Corey Shueneman.
7:21 of 3rd period - Minor Penalty to Stelio Mattheos for Tripping.
7:22 of 3rd period - Nick Shore wins face-off versus Frederick Gaudreau in Wolves zone.
8:43 of 3rd period - Icing by Nick Shore.
8:44 of 3rd period - Nick Shore wins face-off versus Cedric Paquette in Phantoms zone.
9:21 of 3rd period - Penalty to Stelio Mattheos is over, Stelio Mattheos is back on ice.
9:31 of 3rd period - Wrist shot by Eric Robinson.
9:31 of 3rd period - Shot Misses the Net.
9:33 of 3rd period - Wrist shot by Frederick Gaudreau.
9:33 of 3rd period - Goal by Frederick Gaudreau - Wolves : 2 - Phantoms : 7.
9:34 of 3rd period - Nick Shore wins face-off versus Cedric Paquette in neutral zone.
9:42 of 3rd period - Alex DeBrincat and Fredrik Olofsson fight to a draw.
9:42 of 3rd period - Penalty to Alex DeBrincat for Fighting.
9:42 of 3rd period - Penalty to Fredrik Olofsson for Fighting.
9:43 of 3rd period - Frederick Gaudreau wins face-off versus Nick Shore in neutral zone.
9:52 of 3rd period - Jalen Chatfield is hit by Nick Shore.
10:36 of 3rd period - Slapshot by Antti Suomela.
10:36 of 3rd period - Shot Blocked by Nick Sorensen.
10:38 of 3rd period - Slapshot by Jalen Chatfield.
10:38 of 3rd period - Stopped by Anton Forsberg without a rebound.
10:39 of 3rd period - Frederick Gaudreau wins face-off versus Nick Shore in Phantoms zone.
11:04 of 3rd period - Wade Allison is hit by Lucas Wallmarkk and loses puck.
11:27 of 3rd period - Slapshot by Corey Shueneman.
11:27 of 3rd period - Deflect By Antti Suomela.
11:27 of 3rd period - Stopped by Anton Forsberg with a rebound.
11:29 of 3rd period - Snap shot by Samuel Girard.
11:29 of 3rd period - Stopped by Anton Forsberg with a rebound.
11:31 of 3rd period - Slapshot by Corey Shueneman.
11:31 of 3rd period - Stopped by Anton Forsberg without a rebound.
11:32 of 3rd period - Nick Shore wins face-off versus Frederick Gaudreau in Phantoms zone.
12:02 of 3rd period - Cristoval Nieves is hit by Thomas Spelling and loses puck.
12:08 of 3rd period - Icing by Blake Heinrich.
12:09 of 3rd period - Cedric Paquette wins face-off versus Cristoval Nieves in Phantoms zone.
12:30 of 3rd period - Minor Penalty to Blake Heinrich for Tripping.
12:31 of 3rd period - Frederick Gaudreau wins face-off versus Michael Bournival in Phantoms zone.
12:40 of 3rd period - Snap shot by Thomas Spelling.
12:40 of 3rd period - Goal by Thomas Spelling - Wolves : 3 - Phantoms : 7.
12:41 of 3rd period - Frederick Gaudreau wins face-off versus Nick Shore in neutral zone.
13:28 of 3rd period - Snap shot by Cristoval Nieves.
13:28 of 3rd period - Shot Blocked by Maksim Sushko.
13:30 of 3rd period - Slapshot by Blake Heinrich.
13:30 of 3rd period - Shot Blocked by Jakub Zboril.
13:32 of 3rd period - Slapshot by Blake Heinrich.
13:32 of 3rd period - Deflect By Erik Nystrom.
13:32 of 3rd period - Shot Misses the Net.
13:32 of 3rd period - Puck is out of play.
13:33 of 3rd period - Nick Shore wins face-off versus Maksim Sushko in Wolves zone.
13:38 of 3rd period - Wrist shot by Nick Shore.
13:38 of 3rd period - Stopped by Ebbe Siönäs without a rebound.
13:39 of 3rd period - Frederick Gaudreau wins face-off versus Nick Shore in Wolves zone.
13:52 of 3rd period - Slapshot by Corey Shueneman.
13:52 of 3rd period - Deflect By Eric Robinson.
13:52 of 3rd period - Stopped by Anton Forsberg with a rebound.
13:54 of 3rd period - Wrist shot by Thomas Spelling.
13:54 of 3rd period - Goal by Thomas Spelling - Wolves : 4 - Phantoms : 7.
13:55 of 3rd period - Nick Shore wins face-off versus Frederick Gaudreau in neutral zone.
14:07 of 3rd period - Slapshot by Blake Heinrich.
14:07 of 3rd period - Stopped by Ebbe Siönäs with a rebound.
14:25 of 3rd period - Snap shot by Lucas Wallmarkk.
14:25 of 3rd period - Shot Blocked by Cedric Paquette.
15:10 of 3rd period - Minor Penalty to Corey Shueneman for Hooking.
15:11 of 3rd period - Nick Shore wins face-off versus Frederick Gaudreau in Wolves zone.
15:17 of 3rd period - Snap shot by Alex DeBrincat.
15:17 of 3rd period - Shot Misses the Net.
15:39 of 3rd period - Slapshot by Brenden Kichton.
15:39 of 3rd period - Deflect By Nick Shore.
15:39 of 3rd period - Shot Blocked by Jalen Chatfield.
15:39 of 3rd period - Puck is out of play.
15:40 of 3rd period - Sven Andrighetto wins face-off versus Cedric Paquette in Wolves zone.
15:43 of 3rd period - Snap shot by Sven Andrighetto.
15:43 of 3rd period - Shot Misses the Net.
15:53 of 3rd period - Samuel Girard is hit by Sven Andrighetto.
16:04 of 3rd period - Minor Penalty to Lucas Wallmarkk for Holding.
16:05 of 3rd period - Michael Bournival wins face-off versus Frederick Gaudreau in Phantoms zone.
16:20 of 3rd period - Wrist shot by Michael Bournival.
16:20 of 3rd period - Shot Misses the Net.
16:54 of 3rd period - Snap shot by Sven Andrighetto.
16:54 of 3rd period - Shot Misses the Net.
16:56 of 3rd period - Wrist shot by Nick Shore.
16:56 of 3rd period - Stopped by Ebbe Siönäs with a rebound.
16:58 of 3rd period - Snap shot by Nick Shore.
16:58 of 3rd period - Stopped by Ebbe Siönäs without a rebound.
16:59 of 3rd period - Michael Bournival wins face-off versus Frederick Gaudreau in Wolves zone.
17:10 of 3rd period - Penalty to Corey Shueneman is over, Corey Shueneman is back on ice.
17:16 of 3rd period - Wrist shot by Sven Andrighetto.
17:16 of 3rd period - Shot Blocked by Jalen Chatfield.
17:46 of 3rd period - Snap shot by Cedric Paquette.
17:46 of 3rd period - Stopped by Anton Forsberg with a rebound.
18:04 of 3rd period - Penalty to Lucas Wallmarkk is over, Lucas Wallmarkk is back on ice.
18:34 of 3rd period - Slapshot by Jake Evans.
18:34 of 3rd period - Shot Misses the Net.
18:36 of 3rd period - Snap shot by Corey Shueneman.
18:36 of 3rd period - Deflect By JC Lipon.
18:36 of 3rd period - Stopped by Anton Forsberg with a rebound.
19:10 of 3rd period - Mikko Lehtonen is hit by Jonah Gadjovich and loses puck.
19:27 of 3rd period - Wrist shot by Jake Evans.
19:27 of 3rd period - Shot Misses the Net.
19:37 of 3rd period - Thomas Spelling is hit by Alex DeBrincat and loses puck.
Goals for this period are 3 for Wolves vs 1 for Phantoms.
Shots for this period are 12 for Wolves vs 5 for Phantoms.